 Dungeon Crawl Stone Soup version 0.27-a0-1434-g6f15984924 (webtiles) character file.

Game seed: 6237265218570275763

4718 Brandom the Fighter (level 10, -5/80 HPs)
             Began as a Djinni Artificer on July 2, 2021.
             Was an Elder of Ru.
             Slain by a boulder beetle (41 damage)
             ... on level 7 of the Dungeon on July 3, 2021.
             The game lasted 00:58:22 (14319 turns).

Brandom the Fighter (Djinni Artificer)             Turns: 14319, Time: 00:58:23

Health: -5/80      AC:  5    Str: 14    XL:     10   Next: 73%
Gold:   344        EV: 19    Int: 11    God:    Ru [****..] SH:  5 Dex: 14

rFire    + + .     SeeInvis .   F - +2 short sword (venom)
rCold    x . .     Faith    .   L - +0 buckler
rNeg     . . .     Spirit   .   k - +0 troll leather armour
rPois    ∞         Reflect  .   (no helmet)
rElec    .         Harm     .   I - +0 cloak
rCorr    .         Rampage  .   (no gloves)
Will     .....                  (boots unavailable)
Stlth    +.........             (no amulet)
HPRegen  1.23/turn              S - ring of wizardry
MPRegen  0.00/turn              w - +4 ring of evasion

@: unable to read, flying
A: sickness immunity, fire resistance 2, cold vulnerability 1, hated by all,
inability to train armour, weak-willed 1, float, innate caster, hp casting,
extra vitality 1, dopey 1, inability to read while threatened
a: Renounce Religion, Draw Out Power, Power Leap


You were on level 7 of the Dungeon.
You worshipped Ru.
Ru was greatly pleased with you.
You visited 1 branch of the dungeon, and saw 8 of its levels.

You collected 344 gold pieces.

Inventory:

Hand Weapons
 c - a +2 great sword
   (You took it off a wight on level 7 of the Dungeon)
 u - a +0 hunting sling
   (You took it off a goblin on level 3 of the Dungeon)
 v - a +0 quarterstaff
   (You found it on level 3 of the Dungeon)
 F - a +2 short sword of venom (weapon)
   (You found it on level 6 of the Dungeon)
 H - a +3 hunting sling
   (You took it off an orc on level 6 of the Dungeon)
Missiles
 f - 269 stones (quivered)
 i - 4 javelins
 s - 12 poisoned darts
Armour
 b - a +0 leather armour
 h - a +0 kite shield
   (You took it off an orc warrior on level 4 of the Dungeon)
 k - a +0 troll leather armour (worn)
   (You found it on level 7 of the Dungeon)
 p - a +0 scale mail
   (You found it on level 3 of the Dungeon)
 I - a +0 cloak (worn)
   (You found it on level 6 of the Dungeon)
 L - a +0 buckler (worn)
   (You took it off a gnoll sergeant on level 6 of the Dungeon)
 Q - a +0 plate armour
   (You took it off an orc warrior on level 7 of the Dungeon)
Jewellery
 l - a ring of ice
   (You found it on level 2 of the Dungeon)
 m - a ring of wizardry
   (You took it off a gnoll shaman on level 7 of the Dungeon)
 w - a +4 ring of evasion (right hand)
   (You found it on level 3 of the Dungeon)
 B - a ring of flight
   (You found it on level 4 of the Dungeon)
 R - a ring of poison resistance
   (You found it on level 7 of the Dungeon)
 S - a ring of wizardry (left hand)
   (You found it on level 7 of the Dungeon)
Wands
 d - a wand of iceblast (13)
   (You found it on level 4 of the Dungeon)
 t - a wand of flame (6)
 y - a wand of charming (22)
Scrolls
 a - a scroll of brand weapon {unknown}
 g - a scroll of enchant weapon
 j - a scroll of enchant armour {unknown}
 n - a scroll of fog
 q - a scroll of holy word
 x - a scroll of amnesia
 A - a scroll of magic mapping {unknown}
 C - a scroll of acquirement {unknown}
 G - a scroll of fear
 K - a scroll of blinking {unknown}
 N - a scroll of noise {unknown}
 P - a scroll of teleportation {@r4}
Potions
 e - a potion of degeneration {!q}
 o - 5 potions of haste {@q3}
 r - 4 potions of curing {@q1}
 z - a potion of cancellation
 D - 4 potions of brilliance
 E - a potion of lignification {!q}
Miscellaneous
 M - a piece from Xom's chessboard (15/15)


   Skills:
 * Level 9.9 Fighting
 - Level 0.1(2.4) Maces & Flails
 - Level 4.5 Staves
 - Level 0.1 Slings
 + Level 7.8 Dodging
 - Level 1.0 Stealth
 + Level 3.7 Shields
 + Level 4.2 Spellcasting
 - Level 3.0 Evocations


You had 8 spell levels left.
You knew the following spells:

 Your Spells              Type           Power      Damage    Failure   Level
a - Corpse Rot            Necr/Air       N/A        N/A       3%          2
b - Lesser Beckoning      Tloc           5%         N/A       6%          3
c - Apportation           Tloc           22%        N/A       2%          1
d - Stone Arrow           Conj/Erth      22%        3d8       6%          3
Your spell library was empty.

Dungeon Overview and Level Annotations

Branches:
Dungeon (8/15)             Temple (0/1) D:7
   Lair: D:8-11

Altars:
Dithmenos
Ru
Yredelemnul
Zin
The Shining One

Shops:
D:4 [

Annotations:
D:3 2 runed translucent doors, Goblin1989's ghost, weakling DsDe


Innate Abilities, Weirdness & Mutations

You are immune to sickness and miasma.
You are immune to poison.
Your flesh is very heat resistant. (rF++)
You are vulnerable to cold. (rC-)
You are hated by all.
You cannot train Armour skill.
You are slightly weak-willed. (Will-)
You float through the air rather than walking.
You learn spells naturally, not from books.
Your magical power is your life essence.
You have superior vitality. (+4 HP)
You are dopey. (Int -2)
You sometimes lose the ability to read scrolls when taking damage.


Message History

Your Armour skill lost 2 levels and is now at level 0!
You can now gather your power into a mighty leap.
Okay, then.
(D) Dungeon (T) Temple
Where to? (Enter - D:8, ? - help)
Things that are here:
a +0 plate armour; a +0 trident
There is a stone staircase leading down here.
You fly downwards.
A bullfrog and a boulder beetle come into view.
The boulder beetle bites you but does no damage.
There is a stone staircase leading up here.
You can't go down here!
The bullfrog gives a loud, deep croak!
The boulder beetle bites you!!
You focus your inner power and blind the boulder beetle in retribution!
You fly upwards.
There is a stone staircase leading down here.
You hit the boulder beetle but do no damage.
The boulder beetle is poisoned.
The boulder beetle is no longer blind.
The boulder beetle bites you but does no damage.
You hit the boulder beetle but do no damage.
The boulder beetle bites you!
You feel threatened and lose the ability to read scrolls!
You barely miss the boulder beetle.
You can read scrolls again.
The boulder beetle bites you!
You feel threatened and lose the ability to read scrolls!
You hit the boulder beetle but do no damage.
The boulder beetle looks as sick as possible!
The boulder beetle bites you!!
* * * LOW HITPOINT WARNING * * *
Okay, then.
Okay, then.
Here: a boulder beetle (lightly wounded, extremely poisoned)
The floor.
Unknown command.
Throw: dart (curare) {!f}
Aim: a boulder beetle (lightly wounded, extremely poisoned, 90% to hit)
You throw a curare-tipped dart {!f}.
The curare-tipped dart {!f} barely misses the boulder beetle.
You redirect the boulder beetle's attack!
The boulder beetle bites itself but does no damage.
The boulder beetle leaps!
The boulder beetle curls into a ball and begins rolling!
There is a stone staircase leading down here.
You see here a curare-tipped dart {!f}.
The boulder beetle hits you!!!
Ouch! That really hurt!
You die...

#..####....##..# #.##.#
#.#..####..##..# #.##.#
#...#..######)#####.##.#
#.#..[#..####.<.....##.#
#...#...#..##..#######.#
#.#...#..####.......##.#
#...#..###..[.#####.##.#
#.#..###...[#.##.B○....#
#..###...##...##@##°####
[###..........##.##○#
##....##########.##°#
.................##°#
.##################.# .#
#.# .# #.# .# #.# .##
######.#


You could see a boulder beetle (rolling, very poisoned).

Vanquished Creatures
  A manticore (D:7)
  A troll (D:7)
  A slime creature (D:7)
  A wyvern (D:7)
  2 yaks (D:6)
  A steam dragon (D:5)
  2 water moccasins (D:7)
  4 orc warriors
  3 ice beasts
  A sky beast (D:4)
  2 necrophages
  A hornet zombie (D:7)
  2 centaurs
  2 ogres (D:5)
  3 kobold brigands
  Blork the orc (D:5)
  3 bullfrogs (D:7)
  2 gnoll sergeants
  3 scorpions
  A wyvern zombie (D:7)
  2 water moccasin zombies
  2 water moccasin skeletons
  5 wights
  A hound (D:7)
  2 centaur zombies (D:7)
  2 gnoll shamans (D:7)
  A jelly (D:6)
  3 centaur skeletons
  An orc priest (D:6)
  3 iguanas
  An orc wizard (D:4)
  4 gnolls
  3 adders
  A shadow imp (D:6)
  3 white imps
  2 ufetubi
  2 adder skeletons (D:4)
  3 worms
  2 dart slugs
  15 orcs
  7 bats
  6 endoplasms
  6 giant cockroaches
  7 goblins
  4 hobgoblins
  7 jackals
  13 kobolds
  2 quokkas
  8 ball pythons
  3 frilled lizards
  6 rats
164 creatures vanquished.

Vanquished Creatures (others)
  A yak (D:6)
  A gnoll (D:6)
  An orc (D:4)
  3 kobolds (D:6)
  4 plants (D:1)
10 creatures vanquished.

Grand Total: 174 creatures vanquished

Notes
Turn   | Place    | Note
-------+----------+-------------------------------------------
     0 | D:1      | Brandom the Djinni Artificer began the quest for the Orb.
     0 | D:1      | Reached XP level 1. HP: 17/17 MP: 0/0
   349 | D:1      | Reached skill level 1 in Stealth
   349 | D:1      | Reached XP level 2. HP: 19/22 MP: 0/0
  1003 | D:1      | Reached XP level 3. HP: 25/28 MP: 0/0
  1003 | D:1      | Learned a level 1 spell: Apportation
  1110 | D:1      | Reached skill level 2 in Fighting
  2474 | D:2      | Reached XP level 4. HP: 21/34 MP: 0/0
  3101 | D:2      | Found a faded altar of an unknown god.
  3113 | D:2      | Became a worshipper of Ru the Awakened
  3127 | D:2      | Gained mutation: You are slightly weak-willed. (Will-) [Ru
                  | sacrifice]
  3127 | D:2      | Reached * piety under Ru
  3667 | D:3      | Reached skill level 3 in Fighting
  3671 | D:3      | Found a runed translucent door.
  3690 | D:3      | Noticed Goblin1989's ghost (weakling DsDe)
  3744 | D:3      | Found a runed translucent door.
  3852 | D:3      | Found a glowing golden altar of the Shining One.
  4036 | D:4      | Reached XP level 5. HP: 40/40 MP: 0/0
  4036 | D:4      | Learned a level 2 spell: Corpse Rot
  4110 | D:4      | Found Daaxeter's Antique Armour Boutique.
  4383 | D:4      | Noticed a sky beast
  4395 | D:5      | Entered Level 5 of the Dungeon
  4520 | D:5      | Found a glowing silver altar of Zin.
  4529 | D:5      | Noticed an ogre
  4642 | D:4      | Killed a sky beast
  4643 | D:4      | Reached skill level 1 in Staves
  4643 | D:4      | Reached skill level 1 in Spellcasting
  4643 | D:4      | Reached XP level 6. HP: 27/47 MP: 0/0
  4835 | D:4      | Reached skill level 4 in Fighting
  5530 | D:5      | Noticed an ogre
  5532 | D:5      | Killed an ogre
  5631 | D:5      | Reached XP level 7. HP: 44/53 MP: 0/0
  5631 | D:5      | Learned a level 3 spell: Lesser Beckoning
  5685 | D:5      | Noticed Blork the orc
  5694 | D:5      | Killed Blork the orc
  5786 | D:5      | Reached skill level 5 in Fighting
  6291 | D:4      | Reached XP level 8. HP: 13/59 MP: 0/0
  7591 | D:5      | Reached skill level 6 in Fighting
  7591 | D:5      | Reached skill level 5 in Dodging
  7716 | D:5      | Gained mutation: You are hated by all. [Ru sacrifice]
  7716 | D:5      | Reached ** piety under Ru
  7716 | D:5      | Reached *** piety under Ru
  8519 | D:6      | Reached XP level 9. HP: 56/67 MP: 0/0
  8519 | D:6      | Learned a level 3 spell: Stone Arrow
  8646 | D:6      | Reached skill level 7 in Fighting
  9712 | D:6      | Reached skill level 8 in Fighting
 10500 | D:7      | Found a staircase to the Ecumenical Temple.
 10539 | D:7      | Found a shadowy altar of Dithmenos.
 10591 | D:7      | Reached skill level 1 in Shields
 10758 | D:7      | Gained mutation: You sometimes lose the ability to read
                  | scrolls when taking damage. [potion of mutation]
 10758 | D:7      | Gained mutation: You are dopey. (Int -2) [potion of
                  | mutation]
 11570 | D:7      | Reached XP level 10. HP: 74/77 MP: 0/0
 11813 | D:7      | Reached skill level 9 in Fighting
 13007 | D:7      | Noticed a manticore
 13195 | D:7      | Killed a manticore
 13762 | D:7      | Noticed a cyclops
 13762 | D:7      | Noticed a cyan ugly thing
 14086 | D:7      | Noticed a cyclops
 14289 | D:7      | Gained mutation: You cannot train Armour skill. [Ru
                  | sacrifice]
 14289 | D:7      | Reached **** piety under Ru
 14306 | D:8      | Noticed a boulder beetle
 14319 | D:7      | Slain by a boulder beetle

Illustrated notes

Levels and vault maps discovered:
D:1:      dpeg_arrival_brainrot, layout_loops_ring, serial_forest,
          infiniplex_forest_lined_room_2, infiniplex_forest_zigzag_1,
          infiniplex_forest_join, infiniplex_forest_straight_3,
          infiniplex_forest_clump_tiny, infiniplex_forest_lined_1,
          infiniplex_forest_end_double, infiniplex_forest_clump_small,
          infiniplex_forest_end_3
D:2:      layout_rooms, ebering_ecumenical_altar_mist, grunt_decor_junction,
          kennysheep_another_room
D:3:      layout_rooms, nicolae_overflow_hidden_temple, ebering_ghost_sewer_f
D:4:      layout_cave_pods, serial_shops, kennysheep_mini_moat,
          serial_column_ruins, column_ruins_grid_3, column_ruins_grid_1,
          column_ruins_corridor_straight, column_ruins_grid_1,
          column_ruins_open_small
D:5:      layout_gridville, old_standard_altar, sword_in_stone
D:6:      layout_loops_cross, pf_just_have_faith
D:7:      minmay_the_grid_triangle_9x9_rhombus_full
          [minmay_the_grid_triangle_9x9_sparse_checkered,
          minmay_the_grid_triangle_9x9_empty,
          minmay_the_grid_triangle_9x9_dagger,
          minmay_the_grid_triangle_9x9_zippers_vertical,
          minmay_the_grid_triangle_9x9_semitri,
          minmay_the_grid_triangle_9x9_skeleton,
          minmay_the_grid_triangle_9x9_flanged_cone,
          minmay_the_grid_triangle_9x9_prize_insulated], layout_loops_ring,
          nicolae_dithmenos_shadow_blocks, minmay_temple_entry_stoned_glass
D:8:      wander_kiku_kobolds, layout_cave_pools,
          pdpol_wu_jian_five_deadly_venoms, serial_gnoll_camp,
          gnoll_camp_mini_shop, gnoll_camp_mini_doghouse, gnoll_camp_mini_house,
          gnoll_camp_medium_01, gnoll_camp_mini_house,
          hellmonk_guarded_unrand_staff_of_battle

Skill      XL: |  1  2  3  4  5  6  7  8  9 10 |
---------------+-------------------------------+-----
Stealth        | 1 |  1.0
Fighting       | 2 3 4 5 6 8 9 |  9.9
Armour         | 2 0 |  0.0
Dodging        | 3 4 5 6 7 |  7.8
Staves         | 1 2 3 4 |  4.5
Spellcasting   | 1 2 3 4 |  4.2
Shields        | 1 3 |  3.7
Maces & Flails | |  0.1
Slings         | |  0.1
Evocations     | |  3.0

Action                   |  1- 3 |  4- 6 |  7- 9 | 10-12 || total
-------------------------+-------+-------+-------+-------++-------
Melee: Club              |   112 |       |       |       ||   112
       Short sword       |   137 |    17 |   232 |   260 ||   646
       Whip              |       |    27 |       |       ||    27
       Quarterstaff      |       |    81 |   187 |       ||   268
 Fire: Hunting sling     |       |    42 |    31 |       ||    73
Throw: Stone             |    12 |    47 |    11 |     2 ||    72
       Javelin           |       |       |     7 |       ||     7
       Dart              |       |       |       |     2 ||     2
Invok: Sacrifice Essence |       |     1 |       |       ||     1
       Sacrifice Love    |       |       |     1 |       ||     1
       Sacrifice Durabil |       |       |       |     1 ||     1
Evoke: Wand              |     3 |     8 |    19 |     4 ||    34
  Use: Potion            |       |       |     2 |     2 ||     4
       Scroll            |       |       |    10 |     4 ||    14
 Stab: Sleeping          |     2 |     1 |       |       ||     3
       Invisible         |       |       |     4 |     2 ||     6
       Distracted        |       |       |       |     1 ||     1
Armor: Leather armour    |    53 |     9 |       |       ||    62
       Scale mail        |       |    44 |    95 |    62 ||   201
       Troll leather arm |       |       |       |     2 ||     2
Dodge: Dodged            |   144 |    95 |   320 |   176 ||   735
Block: Buckler           |       |       |    33 |    50 ||    83

Table legend: (Time is in decaauts)
 A = Elapsed time spent in this place.
 B = Non-inter-level travel time spent in this place.
 C = Inter-level travel time spent in this place.
 D = Time resting spent in this place.
 E = Time spent auto-exploring this place.
 F = Levels seen in this place.
 G = Mean time per level.
                   A        B        C        D        E       F      G
               +--------+--------+--------+--------+--------+-----+--------+
         Total |  14505 |  14175 |    330 |   4535 |   6294 |   8 | 1813.1 |
       Dungeon |  14505 |  14175 |    330 |   4535 |   6294 |   8 | 1813.1 |
               +--------+--------+--------+--------+--------+-----+--------+

Top non-repeatable levels by time:
     D:7: 3454 daAuts
     D:6: 2779 daAuts
     D:1: 2195 daAuts
     D:5: 2158 daAuts
     D:4: 2028 daAuts
     D:2: 1159 daAuts
     D:3: 724 daAuts
     D:8: 6 daAuts
